Map: [ESL] Cosmic Sapphire

Players

herO - Winner!

  • Race: Protoss Protoss
  • Spawn Location: 11:00

LiquidMaNa (MaNa)

  • Race: Protoss Protoss
  • Spawn Location: 5:00

Event: TSL 9

VOD

Have the link to the VOD?

Description

Time

  • Played on: July 30, 2022, 7:41 a.m.
  • Length: 11:03

All games in this series

Show
View Real Time Build Order
Export as new Build Order

herO Protoss - Winner!

Build Orders: Oracle Opening 

Get SALT Encoding   

  12  0:00  Probe  
  13  0:12  Probe  
  14  0:17  Pylon  
  14  0:24  Probe (Chrono Boost)  
  15  0:36  Gateway, Probe (Chrono Boost)  
  16  0:43  Probe (Chrono Boost)  
  16  0:45  Assimilator  
  17  0:51  Probe  
  17  0:54  Assimilator  
  18  1:03  Probe (Chrono Boost)  
  19  1:09  Gateway  
  19  1:12  Probe (Chrono Boost)  
  19  1:17  Probe (Chrono Boost)  
  21  1:26  Cybernetics Core  
  21  1:29  Probe  
  22  1:34  Pylon  
  22  1:41  Probe  
  24  2:03  Adept x2  
  24  2:06  Pylon  
  24  2:07  Stargate  
  27  2:13  Warp Gate  
  27  2:15  Probe  
  28  2:37  Stalker  
  28  2:38  Shield Battery  
  31  2:48  Oracle (Chrono Boost)  
  32  3:06  Nexus  
  32  3:13  Pylon  
  32  3:20  Oracle (Chrono Boost)  
  33  3:27  Shield Battery  
  33  3:34  Shield Battery  
  33  3:40  Pylon  
  32  4:02  Stalker x2  
  34  4:11  Probe  
  35  4:26  Stalker x2  
  39  4:49  Stalker x2  
  39  4:50  Probe x2  
  45  5:02  Robotics Facility  
  45  5:07  Probe  
  46  5:15  Probe  
  49  5:28  Probe x2 (Chrono Boost)  
  49  5:38  Pylon  
  49  5:42  Probe (Chrono Boost)  
  51  5:43  Probe (Chrono Boost)  
  51  5:47  Probe (Chrono Boost)  
  51  5:48  Probe (Chrono Boost)  
  51  5:49  Observer (Chrono Boost)  
  54  5:55  Pylon  
  53  5:58  Probe x2  
  53  6:09  Sentry  
  53  6:10  Sentry  
  57  6:14  Immortal (Chrono Boost)  
  57  6:16  Probe  
  57  6:17  Probe  
  63  6:26  Twilight Council  
  63  6:29  Probe x2  
  65  6:33  Pylon  
  62  6:42  Stalker x2  
  62  6:46  Warp Prism (Chrono Boost)  
  66  6:53  Probe x2  
  70  7:02  Gateway  
  70  7:04  Dark Shrine  
  70  7:14  Pylon  
  70  7:17  Stalker x2  
  74  7:26  Probe x2  
  56  7:38  Probe x2  
  55  7:50  Shield Battery, Probe x2 (Chrono Boost)  
  57  8:00  Assimilator  
  57  8:01  Probe (Chrono Boost)  
  57  8:02  Probe (Chrono Boost)  
  57  8:03  Assimilator  
  59  8:06  Probe x2 (Chrono Boost)  
  62  8:13  Gateway  
  62  8:16  Probe  
  62  8:17  Probe  
  62  8:18  Dark Templar x2  
  67  8:23  Blink (Chrono Boost)  
  67  8:29  Probe x2  
  69  8:41  Immortal  
  71  8:45  Probe x2  
  73  8:55  Dark Templar  
  73  9:01  Nexus  
  73  9:05  Nexus  
  73  9:09  Pylon  
  73  9:16  Stalker x2  
  75  9:26  Immortal  
  79  9:36  Probe x2  
  81  9:38  Sentry x2  
  81  9:41  Shield Battery  
  81  9:42  Stalker  
  87  9:48  Probe x2  
  89  9:56  Gateway  
  89  10:01  Gateway  
  89  10:06  Gateway  
  89  10:14  Stalker x2  
  93  10:26  Stalker x2  
  96  10:30  Observer, Pylon  
  97  10:38  Stalker x2  
Show
View Real Time Build Order
Export as new Build Order

LiquidMaNa Protoss 

Build Orders: Oracle Opening 

Get SALT Encoding   

  12  0:00  Probe  
  13  0:12  Probe  
  14  0:17  Pylon  
  14  0:24  Probe (Chrono Boost)  
  15  0:36  Gateway, Probe (Chrono Boost)  
  16  0:44  Probe (Chrono Boost)  
  16  0:46  Assimilator  
  17  0:51  Probe  
  17  0:54  Assimilator  
  18  1:03  Probe (Chrono Boost)  
  19  1:06  Gateway  
  19  1:12  Probe (Chrono Boost)  
  19  1:17  Probe (Chrono Boost)  
  20  1:23  Cybernetics Core  
  21  1:29  Probe  
  22  1:34  Pylon  
  22  1:41  Probe  
  23  1:53  Probe  
  24  2:00  Stalker x2  
  28  2:02  Warp Gate  
  28  2:05  Probe  
  29  2:12  Pylon  
  29  2:30  Stalker x2  
  32  2:39  Stargate  
  32  2:42  Probe  
  33  2:47  Shield Battery  
  33  2:53  Pylon  
  33  2:57  Probe  
  34  3:14  Shield Battery  
  34  3:15  Probe  
  34  3:19  Oracle (Chrono Boost)  
  38  3:27  Probe  
  39  3:39  Probe, Pylon  
  40  3:55  Probe  
  41  3:58  Stalker x2  
  45  4:07  Nexus  
  42  4:14  Probe  
  36  4:34  Stalker  
  36  4:36  Stalker  
  40  4:44  Probe  
  41  4:49  Oracle (Chrono Boost)  
  44  4:56  Probe  
  45  5:08  Probe  
  45  5:14  Stalker x2  
  50  5:26  Shield Battery  
  50  5:27  Probe (Chrono Boost)  
  50  5:28  Probe (Chrono Boost)  
  47  5:39  Probe (Chrono Boost)  
  49  5:44  Probe (Chrono Boost)  
  49  5:47  Probe (Chrono Boost)  
  49  5:48  Sentry x2  
  49  5:49  Probe (Chrono Boost)  
  55  6:01  Probe  
  46  6:07  Probe (Chrono Boost)  
  46  6:10  Phoenix  
  51  6:19  Probe x2 (Chrono Boost)  
  51  6:25  Probe (Chrono Boost)  
  51  6:27  Probe (Chrono Boost)  
  53  6:33  Probe  
  53  6:38  Probe  
  55  6:43  Adept x2  
  59  6:51  Probe x2  
  61  7:03  Stalker x2  
  63  7:30  Stalker x2  
  63  7:34  Probe x2  
  57  7:46  Probe x2 (Chrono Boost)  
  57  7:53  Twilight Council  
  57  7:56  Stalker x2  
  61  7:58  Probe (Chrono Boost)  
  61  7:59  Probe (Chrono Boost)  
  61  8:03  Phoenix  
  65  8:07  Probe (Chrono Boost)  
  65  8:08  Probe (Chrono Boost)  
  67  8:12  Robotics Facility  
  67  8:14  Probe  
  67  8:17  Assimilator  
  67  8:19  Assimilator  
  68  8:27  Blink (Chrono Boost)  
  68  8:32  Shield Battery  
  64  8:41  Probe  
  64  8:53  Probe x2  
  66  9:05  Probe  
  66  9:07  Gateway  
  66  9:12  Observer (Chrono Boost)  
  66  9:17  Probe  
  66  9:21  Stalker x2  
  70  9:24  Pylon  
  70  9:32  Gateway  
  70  9:35  Pylon  
  70  9:36  Pylon  
  70  9:40  Observer  
  70  9:42  Warp Prism (Chrono Boost), Pylon  
  70  9:45  Stalker  
  74  9:46  Stalker  
  76  9:56  Probe x2  
  78  10:10  Stalker x3  
  78  10:14  Observer (Chrono Boost)  
  84  10:17  Pylon  
  85  10:39  Sentry x4  
Tags
 
Add a new tag
Caveats
  • Supply blocks, unpowered buildings, or Contaminate may cause inaccurate times.
  • Supply counts are checked every 10 seconds.